 Dungeon Crawl Stone Soup version 0.19-a0-746-g995b792 (webtiles) character file.

60 Ryco the Sneak (level 3, 0/16 HPs)
             Began as a Spriggan Enchanter on June 24, 2016.
             Slain by a worm (8 damage)
             ... in a sewer.
             The game lasted 00:08:04 (914 turns).

Ryco the Sneak (Spriggan Enchanter)                  Turns: 914, Time: 00:08:05

Health: 0/16       AC:  4    Str:  4    XL:     3   Next: 80%
Magic:  3/9        EV: 19    Int: 16    God:
Gold:   28         SH:  0    Dex: 17    Spells: 4 memorised, 0 levels left

rFire  . . .     SeeInvis +     a - +1 dagger
rCold  . . .     Gourm    .     h - +1 robe
rNeg   . . .     Faith    .     (shield restricted)
rPois  .         Spirit   .     (helmet restricted)
rElec  .         Dismiss  .     l - +0 cloak
rCorr  .         Reflect  .     (gloves unavailable)
SustAt .         Harm     .     (boots unavailable)
MR     .....                    (no amulet)
Stlth  ++........               (no ring)
                                (no ring)

@: very quick, not resistant to hostile enchantments, unstealthy
A: unfitting armour, see invisible, herbivore 3, speed 3, slow metabolism 2
a: no special abilities


You were in a sewer.
You were not hungry.

You visited 1 branch of the dungeon, and saw 3 of its levels.
You also visited: Sewer.

You collected 28 gold pieces.

Inventory:

Hand Weapons
 a - a +1 dagger (weapon)
 b - a +0 short sword
Armour
 h - a +1 robe (worn)
 l - a +0 cloak (worn)
Scrolls
 e - a scroll of identify
 m - a scroll of remove curse
Potions
 g - a potion of heal wounds
 i - 3 potions of might
 k - a potion of brilliance
Books
 c - a book of Maledictions

   Spells                             Type                      Level
   a - Corona                         Hexes                        1
   b - Ensorcelled Hibernation        Hexes/Ice                    2
   c - Confuse                        Hexes                        3
   d - Tukima's Dance                 Hexes                        3
   e - Dazzling Spray                 Conjuration/Hexes            3
Comestibles
 d - 2 bread rations
 f - a royal jelly
 j - a slice of pizza


   Skills:
 + Level 0.2 Fighting
 * Level 1.5 Short Blades
 + Level 3.9 Dodging
 + Level 5.3 Stealth
 + Level 3.5 Spellcasting
 + Level 3.8 Hexes


You couldn't memorise any spells.
You knew the following spells:

 Your Spells              Type           Power        Failure   Level  Hunger
a - Ensorcelled Hibernat  Hex/Ice        #.....       14%         2    ##.....
b - Corona                Hex            ###....      4%          1    None
c - Confuse               Hex            ###.....     12%         3    ###....
t - Tukima's Dance        Hex            ###.....     12%         3    ###....


Dungeon Overview and Level Annotations

Branches:
Dungeon (3/15)

Altars:


Innate Abilities, Weirdness & Mutations

You are tiny and cannot use many weapons and most armour.
You have supernaturally acute eyesight. (SInv)
You are a herbivore.
You cover ground extremely quickly.
You need consume almost no food.


Message History

Memorise Tukima's Dance, consuming 3 spell levels and leaving 0?
You start memorising the spell.
You continue memorising. x3
You finish memorising.
Spell assigned to 'd'.
Adjust (i)tems, (s)pells, or (a)bilities?
Adjust which spell? d - Tukima's Dance Adjust to which letter? t - Tukima's Dance
Okay, then.
Unknown command.
Unknown command.
Unknown command.
You enter the shallow water.
Moving in this stuff is going to be slow.
You enter the shallow water.
Moving in this stuff is going to be slow.
Your unstable footing causes you to fumble your attack.
The worm bites you!
Ouch! That really hurt!
You die...

#########
#w#.#.#.#
#@#≈#≈#≈#
#≈#≈#≈#≈#
#≈#≈#≈#≈#
#≈≈≈#≈≈≈#
##≈###≈##
#.# #≈#
#.###≈#
#≈≈≈.≈#
##≈.≈##


You could see a worm.

Vanquished Creatures
  A gnoll (D:3)
  2 river rats (Sewer)
  An ooze (Sewer)
  3 dart slugs
  A giant gecko (D:1)
  2 bats (D:1)
  A goblin (D:1)
  4 hobgoblins (D:1)
  A giant newt (D:3)
  4 kobolds (D:1)
  2 rats
22 creatures vanquished.

Notes
Turn   | Place    | Note
--------------------------------------------------------------
     0 | D:1      | Ryco the Spriggan Enchanter began the quest for the Orb.
     0 | D:1      | Reached XP level 1. HP: 9/9 MP: 5/5
   211 | D:1      | Reached XP level 2. HP: 7/13 MP: 5/7
   215 | D:1      | Learned a level 2 spell: Ensorcelled Hibernation
   515 | D:3      | Found a glowing drain.
   528 | D:3      | Reached skill level 5 in Stealth
   528 | D:3      | Reached XP level 3. HP: 16/16 MP: 1/8
   560 | D:3      | Learned a level 3 spell: Confuse
   581 | Sewer    | Entered a sewer
   905 | Sewer    | Learned a level 3 spell: Tukima's Dance
   914 | Sewer    | Slain by a worm

Vault maps used:
D:1:      minmay_arrival_diagonal_passages, serial_bayou_pond_e,
          kennysheep_minor_cross
D:2:      mumra_celtic_spiral_tile, first_bread, lemuel_statue_altar
D:3:      nicolae_overflow_crystal_walls, portal_sewer_entry_a,
          minmay_misc_feat_square
Sewer:    sewer_co_tree

Skill      XL: |  1  2 |
---------------+-------+-----
Spellcasting   | 3 |  3.5
Stealth        | 5 |  5.3
Fighting       | |  0.2
Short Blades   | |  1.5
Dodging        | |  3.9
Hexes          | |  3.8

Action                   || total
-------------------------++-------
Melee: Dagger            ||    43
       Short sword       ||    23
 Cast: Corona            ||     4
       Ensorcelled Hiber ||    19
  Use: Scroll            ||     4
 Stab: Sleeping          ||    13
       Distracted        ||     1
Armor: Robe              ||    14
Dodge: Dodged            ||    84
